 Dungeon Crawl Stone Soup version 0.18-a0-1426-g3b9a63c (webtiles) character file.

33 Tomstefer the Conjurer (level 3, -1/19 HPs)
             Began as a Tengu Conjurer on Feb 27, 2016.
             Slain by Natasha (6 damage)
             ... on level 2 of the Dungeon.
             The game lasted 00:02:20 (937 turns).

Tomstefer the Conjurer (Tengu Conjurer)              Turns: 937, Time: 00:02:20

Health: -1/19      AC:  2    Str:  8    XL:     3   Next: 29%
Magic:  2/7        EV: 12    Int: 16    God:
Gold:   92         SH:  3    Dex: 14    Spells: 2 memorised, 3 levels left

rFire  . . .     SeeInvis .     h - +1 dagger (venom)
rCold  . . .     Gourm    .     o - +0 robe (curse)
rNeg   . . .     Faith    .     p - +0 buckler
rPois  .         Spirit   .     (helmet restricted)
rElec  .         Dismiss  .     (no cloak)
rCorr  .         Reflect  .     (no gloves)
SustAt .         Harm     .     (boots unavailable)
MR     .....                    (no amulet)
Stlth  ++........               (no ring)
                                (no ring)

@: not resistant to hostile enchantments, unstealthy
A: beak, talons 3
a: no special abilities


You were on level 2 of the Dungeon.
You were not hungry.

You visited 1 branch of the dungeon, and saw 2 of its levels.

You collected 92 gold pieces.

Inventory:

Hand Weapons
 g - a +0 mace
 h - a +1 dagger of venom (weapon)
Armour
 a - a +0 robe
 o - a cursed +0 robe (worn)
 p - a +0 buckler (worn)
Jewellery
 i - an uncursed amulet of the gourmand {unknown}
Scrolls
 d - a scroll of fog {unknown}
 e - a scroll of remove curse {unknown}
 k - a scroll of teleportation {unknown}
 m - a scroll of random uselessness {unknown}
 n - 2 scrolls of identify {unknown}
 q - a scroll of fear {unknown}
Potions
 l - a potion of flight {unknown}
 r - a potion of agility {unknown}
 s - a potion of ambrosia {unknown}
Books
 b - a book of Conjurations

   Spells                             Type                      Level
   a - Magic Dart                     Conjuration                  1
   b - Searing Ray                    Conjuration                  2
   c - Dazzling Spray                 Conjuration/Hexes            3
   d - Fulminant Prism                Conjuration/Hexes            4
   e - Iskenderun's Mystic Blast      Conjuration                  4
   f - Iskenderun's Battlesphere      Conjuration/Charms           5
Comestibles
 c - 2 bread rations
 f - 3 chunks of flesh
 j - a meat ration


   Skills:
 - Level 2.1 Dodging
 - Level 2.0 Stealth
 - Level 2.0 Spellcasting
 + Level 6.7 Conjurations


You had 3 spell levels left.
You knew the following spells:

 Your Spells              Type           Power        Failure   Level  Hunger
a - Magic Dart            Conj           ###.         2%          1    #......
b - Searing Ray           Conj           ###...       3%          2    ###....


Dungeon Overview and Level Annotations

Branches:
Dungeon (2/15)

Altars:

Annotations:
D:2 Natasha


Innate Abilities, Weirdness & Mutations

You have a beak for a mouth.
You have claws for feet.


Message History

Natasha is heavily wounded.
Natasha stares at you and mumbles some strange words.
The magic dart hits you!
Casting: Magic Dart
Confirm with . or Enter, or press ? or * to list all spells.
Aiming: Magic Dart
Press: ? - help, Shift-Dir - straight line, f/p - Natasha
Aim: Natasha (heavily wounded)
The magic dart hits Natasha.
Natasha is heavily wounded.
Natasha misses you.
You closely miss Natasha. You peck Natasha, but do no damage.
Natasha is heavily wounded.
Natasha claws you!
* * * LOW HITPOINT WARNING * * *
You hit Natasha. You claw Natasha.
Natasha is almost dead.
Natasha stares at you and mumbles some strange words.
You resist with significant effort. Natasha claws you.
You die...

...................#..
...................#..
...........####...###+
..........#......<###.
.....###..+......##... .
...%....#.#...........
.....####.#.#...........
.....#....#.............
......h@..#.............
.........##.............
###...#####.............
#... #...........## #..
#..........### #..
#......###.# # #.
#...... #.# # #. .#.#+#
#.# # #. #.###


You could see Natasha.

Vanquished Creatures
  A dart slug (D:1)
  4 bats
  3 giant cockroaches
  4 hobgoblins
  A giant newt (D:2)
  5 goblins
  6 kobolds
  4 rats (D:1)
28 creatures vanquished.

Notes
Turn   | Place    | Note
--------------------------------------------------------------
     0 | D:1      | Tomstefer the Tengu Conjurer began the quest for the Orb.
     0 | D:1      | Reached XP level 1. HP: 10/10 MP: 4/4
   210 | D:1      | Reached XP level 2. HP: 15/15 MP: 1/6
   323 | D:1      | Reached skill level 6 in Conjurations
   349 | D:1      | Learned a level 2 spell: Searing Ray
   750 | D:2      | Reached XP level 3. HP: 19/19 MP: 4/7
   930 | D:2      | Noticed Natasha
   937 | D:2      | Slain by Natasha

Vault maps used:
D:1:      matt_arrival_grand_opening, kennysheep_crisscross
D:2:      lemuel_doored_altar, minitemple, first_bread, uniq_natasha

Skill      XL: |  1  2 |
---------------+-------+-----
Conjurations   | 6 |  6.7
Dodging        | |  2.1
Stealth        | |  2.0
Spellcasting   | |  2.0

Action                   || total
-------------------------++-------
Melee: Dagger            ||     7
 Cast: Magic Dart        ||    46
  Eat: Chunk             ||     1
